 Dungeon Crawl Stone Soup version 0.28.0-53-g5a82cb258f (webtiles) character file.

Game seed: 15250002613186330061

66 Eitelfritz the Slasher (level 3, -1/30 HPs)
             Began as a Minotaur Gladiator on Aug 19, 2022.
             Slain by a gnoll
             ... wielding a +0 flail
              (3 damage)
             ... on level 2 of the Dungeon.
             The game lasted 00:03:14 (2081 turns).

Eitelfritz the Slasher (Minotaur Gladiator)         Turns: 2081, Time: 00:03:15

Health: -1/30      AC:  3    Str: 18    XL:     3   Next: 96%
Magic:  2/2        EV: 12    Int:  7    God:
Gold:   57         SH:  0    Dex: 11    Spells: 2/2 levels left

rFire   . . .      SeeInvis .   a - +0 long sword
rCold   . . .      Faith    .   (no shield)
rNeg    . . .      Spirit   .   b - +0 leather armour
rPois   .          Reflect  .   c - +0 hat
rElec   .          Harm     .   (no cloak)
rCorr   .          Rampage  .   (no gloves)
Will    +....                   (no boots)
Stlth   +.........              (no amulet)
HPRegen 0.10/turn               j - ring of willpower
MPRegen 0.08/turn               (no ring)

@: no status effects
A: horns 2, retaliatory headbutt
a: no special abilities


You were on level 2 of the Dungeon.
You visited 1 branch of the dungeon, and saw 2 of its levels.

You collected 57 gold pieces.

Inventory:

Hand Weapons
 a - a +0 long sword (weapon)
 l - a +0 great sword
Missiles
 d - 3 throwing nets (quivered)
 e - 15 arrows
 g - 43 sling bullets
Armour
 b - a +0 leather armour (worn)
 c - a +0 hat (worn)
 i - a +0 chain mail
Jewellery
 j - a ring of willpower (left hand)
Scrolls
 h - a scroll of enchant armour {unknown}
 k - a scroll of immolation {unknown}
 m - a scroll of teleportation {unknown}
Potions
 f - 2 potions of curing {unknown}


   Skills:
 + Level 2.7 Fighting
 + Level 4.8 Long Blades
 + Level 2.2 Throwing
 + Level 1.6 Armour
 + Level 3.7 Dodging
 + Level 0.2 Stealth


You had 2 spell levels left.
You didn't know any spells.
Your spell library contained the following spells:

 Spells                   Type           Power      Damage    Failure   Level
 Beastly Appendage        Tmut           0%         N/A       50%         1
 Wereblood                Tmut           0%         N/A       63%         2
 Spider Form              Tmut/Pois      0%         N/A       86%         3


Dungeon Overview and Level Annotations

Branches:
Dungeon (2/15)

Altars:


Innate Abilities, Weirdness & Mutations

You have a pair of horns on your head.
You reflexively headbutt those who attack you in melee.


Message History

You hit the worm but do no damage. Your headbutt misses the worm.
You hit the worm.
The worm is moderately wounded.
The worm bites you!
You hit the worm.
The worm is heavily wounded.
The worm bites you.
You completely miss the worm.
The worm is heavily wounded.
You hit the worm but do no damage. You headbutt the worm.
You punch the worm, but do no damage.
The worm is severely wounded.
The worm barely misses you.
You hit the worm.
The worm is almost dead.
The worm bites you.
You slash the worm!
You kill the worm!
You see here 14 bolts.
A hobgoblin comes into view.
The hobgoblin shouts!
The hobgoblin closely misses you.
You hit the hobgoblin. You headbutt the hobgoblin.
You kill the hobgoblin!
You see here a hobgoblin corpse.
Found a stone staircase leading up.
You see here a hobgoblin corpse.
A gnoll comes into view. It is wielding a +0 whip.
Found a silvery potion.
The gnoll shouts!
You hear a shout! x2
A gnoll comes into view. It is wielding a +0 flail.
You barely miss the gnoll. The gnoll hits you with a +0 whip!
You hit the gnoll. You headbutt the gnoll!
You kill the gnoll!
The gnoll hits you with a +0 flail!
You barely miss the gnoll. Your headbutt misses the gnoll.
The gnoll hits you with a +0 flail!
* * * LOW HITPOINT WARNING * * *
You barely miss the gnoll. The gnoll hits you with a +0 flail.
You die...

........#
........##########
.................#
.......#########.#
##.....# #.#
#.....# #.#
####### #.# #.#
############ #@#
†..........# #g#
##########.# #.#
#.# #.# #.# .!#
#.# ### #.# #.#
#.#


You could see a gnoll.

Vanquished Creatures
  A gnoll (D:2)
  An adder (D:2)
  2 worms (D:2)
  3 dart slugs
  4 endoplasms
  A giant cockroach (D:1)
  3 hobgoblins
  3 quokkas
  3 ball pythons
  3 bats
  2 frilled lizards (D:1)
  4 goblins
  5 kobolds
  2 rats
37 creatures vanquished.

Notes
Turn   | Place    | Note
-------+----------+-------------------------------------------
     0 | D:1      | Eitelfritz the Minotaur Gladiator began the quest for the
                  | Orb.
     0 | D:1      | Reached XP level 1. HP: 18/18 MP: 0/0
   317 | D:1      | Reached skill level 4 in Long Blades
   395 | D:1      | Reached XP level 2. HP: 25/25 MP: 1/1
  1225 | D:2      | Reached skill level 1 in Armour
  1265 | D:2      | Reached XP level 3. HP: 21/30 MP: 2/2
  2081 | D:2      | Slain by a gnoll

Illustrated notes

Levels and vault maps discovered:
D:1:      co_arrival_random_square_maze, layout_loops_corners, minmay_bisected
D:2:      layout_basic, minivault_27, kennysheep_generic_room_6

Skill      XL: |  1  2 |
---------------+-------+-----
Long Blades    | 4 |  4.8
Armour         | 1 |  1.6
Fighting       | |  2.7
Throwing       | |  2.2
Dodging        | |  3.7
Stealth        | |  0.2

Action                   || total
-------------------------++-------
Melee: Long sword        ||    74
       Headbutt          ||    13
       Punch             ||     2
 Stab: Sleeping          ||     1
Armor: Leather armour    ||    24
Dodge: Dodged            ||    49
